Map: Canyon of Tribulation

Players

Monchy

  • Race: Zerg Zerg
  • Spawn Location: 12:00

PrincePersia

  • Race: Protoss Protoss
  • League: Diamond
  • Spawn Location: 12:00

DarkOrso

  • Race: Zerg Zerg
  • Spawn Location: 3:00

sexyAPM

  • Race: Zerg Zerg
  • Spawn Location: 7:00

Massa

  • Race: Terran Terran
  • League: Gold
  • Spawn Location: 6:00

qqq

  • Race: Protoss Protoss
  • League: Platinum
  • Spawn Location: 6:00

VOD

Have the link to the VOD?

Description

Time

  • Played on: April 26, 2020, 3:43 p.m.
  • Length: 12:58
Show
View Real Time Build Order
Export as new Build Order

Monchy Zerg 

Build Orders: Hatch First 

Get SALT Encoding   

  12  0:01  Drone  
  13  0:14  Overlord  
  13  0:21  Drone  
  14  0:33  Drone x2  
  16  0:39  Drone  
  17  1:01  Hatchery  
  16  1:07  Extractor, Drone x2  
  16  1:11  Drone  
  18  1:24  Spawning Pool  
  17  1:29  Drone  
  17  1:31  Drone  
  19  1:40  Overlord  
  19  1:59  Drone  
  20  2:05  Drone  
  20  2:07  Extractor  
  20  2:11  Queen  
  22  2:16  Spine Crawler  
  22  2:17  Queen  
  22  2:18  Drone  
  24  2:31  Zergling x4  
  24  2:32  Drone  
  24  2:36  Zergling x2  
  28  2:40  Metabolic Boost  
  27  3:07  Zergling x12  
  33  3:32  Zergling x2  
  33  3:33  Zergling x4  
  33  3:34  Overlord x2  
  26  4:21  Zergling x2  
  26  4:22  Zergling x12  
  32  4:28  Drone  
  32  4:31  Lair  
  33  4:40  Zergling x2  
  31  5:11  Drone x3  
  31  5:12  Drone x2  
  36  5:21  Extractor  
  36  5:24  Extractor  
  32  5:43  Spire  
  32  5:46  Drone x6  
  37  5:52  Overlord x2  
  37  5:53  Overlord  
  37  6:16  Drone  
  37  6:17  Drone x4  
  37  6:18  Hatchery  
  41  6:23  Drone x4  
  41  6:24  Drone  
  46  6:26  Drone x3  
  49  6:58  Mutalisk  
  49  6:59  Mutalisk x8  
  49  7:00  Mutalisk  
  68  7:30  Queen x2  
  68  7:35  Zerg Flyer Weapons Level 1  
  72  7:38  Mutalisk x3  
  74  8:58  Mutalisk x4  
  74  9:01  Overlord x4  
  80  10:38  Drone x3  
  80  10:42  Mutalisk x11  
  85  10:43  Mutalisk x3  
  104  12:41  Drone x5  
  104  12:42  Drone x5  
Show
View Real Time Build Order
Export as new Build Order

PrincePersia Protoss 

Build Orders:  

Get SALT Encoding   

  12  0:01  Probe  
  13  0:13  Probe  
  14  0:18  Pylon  
  14  0:25  Probe  
  15  0:36  Gateway  
  15  0:38  Probe (Chrono Boost)  
  16  0:49  Probe (Chrono Boost)  
  17  0:50  Assimilator  
  17  0:57  Probe  
  17  0:58  Assimilator  
  18  1:09  Probe  
  19  1:21  Probe  
  19  1:24  Cybernetics Core  
  20  1:36  Probe  
  21  1:48  Probe  
  22  1:57  Nexus  
  22  2:00  Probe  
  23  2:19  Pylon  
  23  2:36  Stalker (Chrono Boost), Warp Gate  
  25  2:45  Gateway x2  
  25  3:04  Zealot (Chrono Boost)  
  25  3:16  Pylon  
  25  3:28  Zealot (Chrono Boost)  
  31  3:34  Zealot x2 (Chrono Boost)  
  31  3:44  Shield Battery  
  31  3:48  Zealot  
  32  4:05  Probe (Chrono Boost)  
  34  4:10  Probe (Chrono Boost)  
  34  4:15  Probe (Chrono Boost)  
  35  4:19  Probe (Chrono Boost)  
  35  4:20  Probe (Chrono Boost)  
  35  4:27  Stalker x2  
  35  4:28  Stalker  
  35  4:30  Probe (Chrono Boost)  
  42  4:32  Probe (Chrono Boost)  
  43  4:44  Probe (Chrono Boost)  
  45  4:47  Probe (Chrono Boost)  
  45  4:51  Probe (Chrono Boost)  
  46  4:54  Probe (Chrono Boost)  
  45  5:09  Pylon  
  45  5:10  Stargate  
  45  5:11  Probe x2, Protoss Air Weapons Level 1 (Chrono Boost)  
  45  5:12  Stargate x2  
  47  5:21  Assimilator  
  47  5:24  Assimilator  
  43  5:43  Probe x2  
  43  5:44  Pylon  
  45  5:53  Stalker x3  
  45  5:55  Probe  
  45  5:56  Probe  
  53  6:08  Probe x2  
  55  6:14  Void Ray  
  55  6:15  Void Ray  
  63  6:23  Pylon  
  63  6:24  Pylon  
  63  6:28  Void Ray  
  67  6:39  Probe  
  68  6:44  Probe  
  69  6:51  Probe  
  70  6:56  Probe  
  70  6:58  Void Ray  
  70  6:59  Void Ray  
  73  7:19  Void Ray  
  77  7:41  Void Ray, Pylon  
  77  7:42  Pylon  
  81  7:49  Nexus  
  81  7:53  Void Ray  
  85  8:02  Void Ray  
  85  8:24  Void Ray  
  89  8:30  Assimilator  
  89  8:33  Assimilator  
  89  8:35  Cybernetics Core  
  89  8:36  Void Ray  
  93  8:42  Protoss Air Armor Level 1 (Chrono Boost)  
  93  8:56  Void Ray  
  97  9:03  Probe x3, Fleet Beacon  
  97  9:07  Void Ray  
  104  9:15  Probe x3  
  107  9:19  Void Ray  
  93  10:07  Void Ray x2  
  93  10:08  Void Ray  
  93  10:09  Stalker x2  
  93  10:12  Probe x3  
  108  10:24  Probe x3  
  107  10:36  Probe x3  
  110  10:48  Probe x2  
  112  10:50  Void Ray  
  116  11:01  Probe  
  117  11:17  Flux Vanes  
  117  11:22  Pylon  
  117  11:23  Pylon  
  117  11:24  Pylon  
  117  11:26  Pylon x2  
  117  11:28  Pylon  
  117  11:30  Pylon  
  117  11:41  Probe x3, Void Ray  
  117  11:42  Void Ray x2  
  136  12:47  Pylon  
  136  12:49  Pylon  
  136  12:52  Pylon  
Show
View Real Time Build Order
Export as new Build Order

DarkOrso Zerg 

Build Orders: Hatch First 

Get SALT Encoding   

  12  0:01  Drone  
  13  0:12  Overlord  
  13  0:23  Drone  
  14  0:33  Drone  
  14  0:35  Drone x2  
  17  0:46  Drone  
  18  1:02  Drone  
  19  1:05  Hatchery  
  18  1:20  Spawning Pool  
  18  1:25  Extractor  
  16  1:39  Drone x2  
  19  1:40  Drone  
  19  1:57  Overlord  
  19  2:06  Drone  
  20  2:09  Queen  
  22  2:17  Spine Crawler  
  20  2:36  Zergling x2  
  20  3:03  Zergling x6  
  23  3:11  Spine Crawler  
  21  3:25  Queen  
  22  3:32  Drone x2  
  22  3:33  Drone  
  23  3:46  Zergling x6  
  23  4:19  Drone  
  23  4:20  Drone x2  
  23  4:22  Drone  
  23  4:23  Drone x2  
  29  4:34  Roach Warren  
  28  4:39  Drone x5  
  33  5:05  Queen  
  35  5:30  Overlord x3  
  35  5:36  Drone  
  35  5:37  Extractor  
  35  5:38  Extractor, Queen  
  36  5:48  Queen  
  38  6:01  Roach x3  
  44  6:08  Drone  
  44  6:09  Drone x2  
  47  6:13  Drone  
  48  6:22  Ravager  
  48  6:24  Ravager  
  48  6:55  Roach x3  
  48  6:56  Roach  
  54  7:13  Roach  
  54  7:14  Roach x2  
  55  7:19  Ravager x2  
  57  7:23  Drone  
  57  7:24  Drone x2  
  60  7:44  Ravager  
  60  7:45  Overlord x2  
  50  8:19  Ravager x3  
  50  8:22  Queen  
  50  8:23  Queen  
  50  8:26  Roach  
  50  8:27  Roach x7  
  68  8:51  Ravager x2  
  68  8:52  Drone  
  68  8:53  Drone  
  72  9:09  Zergling x2  
  75  9:10  Zergling x6  
  74  9:20  Ravager  
  74  9:21  Ravager x2  
  75  9:27  Hatchery  
  58  10:06  Roach x6  
  70  10:12  Spawning Pool  
  67  10:38  Overlord x5  
  67  10:41  Drone  
  68  10:56  Queen  
  68  11:03  Roach x2  
  70  11:30  Queen  
  72  11:33  Roach  
  72  11:34  Roach x3  
  72  11:36  Drone x3  
  83  12:06  Queen  
  80  12:30  Drone x4  
  80  12:31  Drone  
  80  12:33  Roach x3  
  80  12:34  Roach x2  
Show
View Real Time Build Order
Export as new Build Order

sexyAPM Zerg 

Build Orders: Pool First 

Get SALT Encoding   

  12  0:18  Spawning Pool  
  11  0:22  Extractor  
  11  0:25  Drone  
  11  0:30  Drone  
  12  0:36  Drone  
  13  0:47  Overlord  
  13  1:06  Zergling x4  
  13  1:10  Zergling x2  
  16  1:20  Zergling x2  
  16  1:23  Metabolic Boost  
  17  1:33  Zergling x2  
  17  1:38  Queen  
  20  1:48  Zergling x2  
  21  1:57  Zergling x2  
  20  2:46  Zergling x2  
  20  2:47  Zergling x2  
  21  3:31  Zergling x2  
  19  3:56  Zergling x4  
  18  4:27  Zergling x4  
  18  4:28  Zergling x2  
  20  4:42  Hatchery  
  19  4:46  Roach Warren  
  19  4:50  Hatchery  
  17  5:09  Drone x2  
  17  5:10  Drone x3  
  17  5:12  Overlord  
  21  5:30  Drone x3  
  21  5:31  Drone  
  23  5:54  Zergling x4  
  25  6:00  Drone, Queen  
  25  6:03  Queen  
  30  6:09  Zergling x8  
  34  6:25  Drone x2  
  36  6:28  Drone  
  36  6:30  Drone x3  
  40  6:36  Zergling x4  
  40  6:39  Overlord x2  
  41  6:57  Queen x2  
  36  7:24  Drone x3  
  36  7:25  Drone x5  
  36  7:26  Extractor  
  36  7:27  Drone x3  
  46  7:47  Extractor  
  46  7:49  Extractor  
  28  8:08  Spore Crawler  
  28  8:09  Spore Crawler  
  28  8:10  Spore Crawler  
  28  8:11  Spore Crawler  
  14  8:33  Drone x5  
  14  8:34  Drone x3  
  20  8:40  Zergling x8  
  20  8:41  Zergling x10  
  27  8:46  Zergling x10  
  27  8:47  Zergling x6  
  36  9:00  Drone x2  
  36  9:01  Drone x3  
  41  9:11  Spawning Pool  
  41  9:15  Spore Crawler  
  39  9:17  Spore Crawler  
  38  10:25  Spore Crawler  
  38  10:28  Spore Crawler  
  36  10:31  Spore Crawler  
  35  10:35  Spore Crawler  
  35  10:36  Spore Crawler  
  35  10:37  Overlord x3  
  33  11:05  Spore Crawler  
  33  11:10  Spore Crawler  
  31  11:12  Lair  
  21  12:20  Spire  
Show
View Real Time Build Order
Export as new Build Order

Massa Terran 

Build Orders: Command Center First (CC) 

Get SALT Encoding   

  12  0:05  SCV  
  13  0:17  SCV  
  13  0:19  Supply Depot  
  14  0:29  SCV  
  15  0:41  SCV  
  16  0:53  SCV  
  17  1:06  SCV  
  18  1:34  SCV  
  18  1:36  Command Center  
  18  1:38  Refinery  
  19  1:43  Barracks  
  19  1:46  SCV  
  20  1:50  Supply Depot  
  20  1:56  Supply Depot  
  20  1:58  SCV  
  21  2:10  SCV  
  22  2:32  Engineering Bay  
  22  3:02  Barracks  
  22  3:09  Orbital Command  
  22  3:34  Barracks, Planetary Fortress  
  21  4:23  Marine  
  21  4:24  Marine  
  23  4:26  Barracks  
  23  4:29  Barracks  
  23  4:33  Barracks Tech Lab  
  23  4:35  Terran Infantry Weapons Level 1  
  23  4:41  Marine x2  
  25  4:59  Marine x2  
  25  5:01  Command Center  
  25  5:14  Marine  
  25  5:17  Factory, Marine x2  
  25  5:19  Marine  
  29  5:25  Barracks  
  29  5:33  Barracks Reactor  
  29  5:37  Marine  
  29  5:38  Marine  
  29  5:39  Marine  
  32  5:44  SCV  
  33  5:55  Marine  
  33  5:56  SCV, Marine x2  
  37  6:02  Factory Tech Lab  
  37  6:07  Engineering Bay  
  37  6:08  SCV  
  38  6:12  Marine, Combat Shield  
  38  6:14  Marine x2  
  41  6:20  SCV  
  42  6:29  Terran Infantry Armor Level 1  
  42  6:30  Marine  
  42  6:32  SCV, Marine x2  
  46  6:40  Refinery  
  46  6:44  SCV x2  
  46  6:46  Marine x2  
  50  6:56  SCV, Siege Tank  
  50  6:59  SCV  
  54  7:03  Supply Depot  
  54  7:05  Supply Depot  
  54  7:08  SCV  
  47  7:11  SCV  
  46  7:20  SCV  
  47  7:25  Marine x3  
  47  7:26  Marine x3  
  47  7:27  Supply Depot  
  47  7:29  Supply Depot  
  53  7:43  Marine x4  
  57  7:49  Missile Turret  
  57  7:52  Supply Depot  
  57  7:54  Supply Depot  
  57  7:59  Missile Turret  
  57  8:02  SCV x2  
  59  8:10  Missile Turret  
  49  8:14  SCV  
  49  8:19  Missile Turret  
  49  8:20  Marine  
  49  8:21  Marine x5  
  55  8:30  Missile Turret  
  55  8:31  Missile Turret  
  55  8:36  Stimpack  
  55  8:38  Marine x2  
  55  8:39  Missile Turret  
  57  8:51  Missile Turret  
  57  8:53  Starport, Orbital Command  
  57  8:57  Command Center  
  57  8:58  SCV  
  58  9:09  Missile Turret  
  58  9:10  SCV, Armory  
  58  9:29  Armory  
  58  9:36  Missile Turret  
  57  9:41  Missile Turret  
  52  9:46  Missile Turret  
  52  9:49  Medivac  
  53  9:54  Marine x6  
  57  10:11  Marine  
  57  10:12  Marine x3  
  57  10:13  Marine x2  
  63  10:17  SCV, Armory  
  63  10:19  Medivac  
  66  10:26  Refinery  
  66  10:29  SCV, Marine x3  
  66  10:30  Marine x2  
  72  10:40  Starport  
  72  10:41  SCV  
  73  10:53  SCV  
  69  11:05  SCV  
  70  11:21  Armory  
  70  11:28  Armory  
  70  11:34  Engineering Bay  
  70  11:37  Viking x2  
  60  12:01  Engineering Bay  
  60  12:07  Viking x2  
  57  12:10  Marine x5  
  43  12:16  Siege Tank  
  43  12:18  Marine  
  46  12:28  Missile Turret  
Show
View Real Time Build Order
Export as new Build Order

qqq Protoss 

Build Orders:  

Get SALT Encoding   

  12  0:02  Probe  
  13  0:16  Pylon  
  13  0:19  Probe  
  14  0:34  Forge  
  14  0:39  Probe  
  15  0:48  Pylon  
  15  1:09  Pylon  
  15  1:10  Photon Cannon  
  15  1:24  Photon Cannon  
  15  1:32  Pylon  
  14  1:45  Probe  
  15  2:01  Photon Cannon  
  15  2:08  Gateway  
  15  2:10  Assimilator  
  15  2:11  Probe  
  16  2:20  Pylon  
  16  2:23  Probe  
  17  2:39  Photon Cannon  
  17  2:40  Pylon  
  17  2:53  Photon Cannon  
  17  3:02  Photon Cannon  
  17  3:09  Photon Cannon  
  17  3:21  Cybernetics Core  
  17  3:22  Probe  
  18  3:34  Probe  
  19  3:46  Photon Cannon  
  19  3:59  Shield Battery  
  19  4:01  Shield Battery  
  19  4:10  Stalker (Chrono Boost)  
  21  4:32  Photon Cannon, Stalker (Chrono Boost)  
  23  4:55  Stalker (Chrono Boost)  
  25  5:22  Stalker  
  25  5:25  Nexus  
  27  5:46  Stargate  
  25  6:09  Stalker  
  27  6:13  Shield Battery  
  27  6:16  Photon Cannon  
  27  6:20  Shield Battery  
  27  6:31  Pylon  
  27  6:33  Pylon  
  27  6:36  Probe  
  27  6:37  Assimilator  
  27  6:39  Stalker  
  30  6:48  Probe  
  29  7:10  Void Ray (Chrono Boost)  
  31  7:21  Probe  
  32  7:27  Probe  
  33  7:33  Probe  
  34  7:39  Probe  
  35  7:45  Probe  
  37  7:51  Probe  
  37  7:57  Probe  
  38  7:59  Void Ray  
  38  8:03  Probe  
  43  8:09  Probe  
  44  8:23  Probe  
  45  8:31  Photon Cannon  
  45  8:35  Probe, Shield Battery  
  46  8:42  Void Ray  
  46  8:47  Probe  
  51  8:59  Probe (Chrono Boost), Assimilator  
  52  9:03  Assimilator  
  53  9:10  Probe (Chrono Boost)  
  53  9:15  Probe (Chrono Boost)  
  54  9:25  Void Ray  
  54  9:26  Probe  
  51  9:34  Photon Cannon  
  51  9:38  Probe, Pylon  
  26  10:08  Void Ray  
  26  10:37  Nexus  
  25  10:51  Void Ray  
  2  12:10  Probe  
  2  12:35  Probe  
Tags
 
Add a new tag
Caveats
  • Supply blocks, unpowered buildings, or Contaminate may cause inaccurate times.
  • Supply counts are checked every 10 seconds.